 Dungeon Crawl Stone Soup version 0.23.2-1-ga50397a (webtiles) character file.

Game seed: 11686450845670883995

30 MalarOregon the Poker (level 3, 0/29 HPs)
             Began as a Merfolk Skald on May 14, 2019.
             Slain by a worm (7 damage)
             ... on level 2 of the Dungeon.
             The game lasted 00:01:09 (1156 turns).

MalarOregon the Poker (Merfolk Skald)               Turns: 1156, Time: 00:01:10

Health: 0/29       AC:  3    Str: 12    XL:     3   Next: 20%
Magic:  6/6        EV: 12    Int: 12    God:
Gold:   52         SH:  0    Dex: 13    Spells: 5/6 levels left

rFire    . . .     SeeInvis .   a - +0 spear
rCold    . . .     Gourm    .   (no shield)
rNeg     . . .     Faith    .   b - +0 leather armour
rPois    .         Spirit   .   (no helmet)
rElec    .         Reflect  .   (no cloak)
rCorr    .         Harm     .   (no gloves)
MR       .....                  (no boots)
Stlth    +.........             (no amulet)
HPRegen  0.09/turn              (no ring)
MPRegen  0.10/turn              (no ring)

@: no status effects
A: change form in water, swift swim, stealthy swim
a: no special abilities


You were on level 2 of the Dungeon.
You were hungry.

You visited 1 branch of the dungeon, and saw 2 of its levels.

You collected 52 gold pieces.

Inventory:

Hand Weapons
 a - a +0 spear (weapon)
Armour
 b - a +0 leather armour (worn)
 i - a +0 cloak
   (You found it on level 2 of the Dungeon)
Scrolls
 c - 2 scrolls of teleportation {unknown}
 d - 3 scrolls of identify {unknown}
 g - a scroll of remove curse {unknown}
 j - a scroll of enchant weapon {unknown}
 k - a scroll of amnesia {unknown}
Potions
 h - a potion of agility {unknown}
Comestibles
 e - a ration {!d}


   Skills:
 + Level 3.1 Fighting
 + Level 4.2 Polearms
 - Level 0.6 Armour
 - Level 2.6 Dodging
 - Level 2.0 Spellcasting
 - Level 3.2 Charms


You had 5 spell levels left.
You knew the following spells:

 Your Spells              Type           Power        Failure   Level  Hunger
a - Infusion              Chrm           #...         9%          1    ##.....

Your spell library contained the following spells:

 Spells                   Type           Power        Failure   Level  Hunger
 Song of Slaying          Chrm           #.......     14%         2    ###....
 Shroud of Golubria       Chrm/Tloc      #.........   26%         2    ###....
 Regeneration             Chrm/Necr      #.........   47%         3    ####...
 Spectral Weapon          Hex/Chrm       #.......     47%         3    ####...


Dungeon Overview and Level Annotations

Branches:
Dungeon (2/15)

Altars:
Ru


Message History

Attack whom?
Aim: a worm You reach to attack!
You hit the worm but do no damage.
Attack whom?
Aim: a worm You reach to attack!
You hit the worm.
Attack whom?
Aim: a worm You reach to attack!
You hit the worm but do no damage.
Attack whom?
Aim: a worm You reach to attack!
You hit the worm but do no damage.
You see here a stone.
Attack whom?
Aim: a worm You reach to attack!
You hit the worm.
Attack whom?
Aim: a worm (lightly wounded)
You reach to attack!
You hit the worm but do no damage.
Attack whom?
Aim: a worm You reach to attack!
You barely miss the worm.
Attack whom?
Aim: a worm You reach to attack!
You hit the worm.
There is a stone staircase leading up here.
You climb upwards.
There is a stone staircase leading down here.
You start resting.
All of the chunks of flesh in your inventory have rotted away.
You are feeling hungry.
You start resting.
You climb downwards.
There is a stone staircase leading up here.
You hit the worm. You hit the worm. The worm bites you.
You hit the worm. You hit the worm. The worm bites you!
You hit the worm but do no damage. The worm barely misses you.
You hit the worm. You hit the worm. The worm bites you.
* * * LOW HITPOINT WARNING * * *
You hit the worm but do no damage. You barely miss the worm.
The worm bites you!
* * * LOW HITPOINT WARNING * * *
You barely miss the worm. You hit the worm but do no damage.
The worm misses you.
You hit the worm. You hit the worm. The worm bites you!
You die...

........# #.#.. . ........# #.#..
........# #####(# ........#
#.....# ........# #.....#
........####.....#########
...........'..............
.........###....##.##..>..
.........# #...w@.....##.. ##
.........# #...(##..#....# #..
.......#####....##..#.##.## ##..
...........#....##........ ....
...........#####.#....##.#####[.#
........##.#####.#.#####........#
#####..............##....#.###รท.#
#...#.#.#####...###.....###..#
##..#.#.# #.#.............<#


You could see a worm.

Vanquished Creatures
  An adder (D:2)
  A dart slug (D:1)
  A leopard gecko (D:1)
  3 bats (D:1)
  A goblin (D:2)
  A hobgoblin (D:2)
  4 kobolds
  3 frilled lizards (D:1)
  4 rats
19 creatures vanquished.

Notes
Turn   | Place    | Note
-------+----------+-------------------------------------------
     0 | D:1      | MalarOregon the Merfolk Skald began the quest for the Orb.
     0 | D:1      | Reached XP level 1. HP: 16/16 MP: 3/3
   360 | D:1      | Reached XP level 2. HP: 23/23 MP: 5/5
   817 | D:2      | Found a sacrificial altar of Ru.
   901 | D:2      | Reached skill level 4 in Polearms
   901 | D:2      | Reached XP level 3. HP: 17/29 MP: 6/6
  1156 | D:2      | Slain by a worm

Skill      XL: |  1  2 |
---------------+-------+-----
Fighting       | 3 |  3.1
Polearms       | 4 |  4.2
Armour         | |  0.6
Dodging        | |  2.6
Spellcasting   | |  2.0
Charms         | |  3.2

Action                   || total
-------------------------++-------
Melee: Spear             ||    97
 Stab: Sleeping          ||     1
Armor: Leather armour    ||    13
Dodge: Dodged            ||    55
